 Seeded DCSS version 0.27.1-37-g7b29ead8ac (webtiles) character file.

Game seed: 87653 (custom seed)

4 Fluidstar381 the Grave Robber (level 1, 0/13 HPs)
             Began as a Human Necromancer on Feb 27, 2023.
             Slain by a goblin (1 damage)
             ... on level 1 of the Dungeon.
             The game lasted 00:02:30 (139 turns).

Fluidstar381 the Grave Robber (Human Necromancer)    Turns: 139, Time: 00:02:31

Health: 0/13       AC:  3    Str:  8    XL:     1   Next: 66%
Magic:  3/3        EV: 12    Int: 15    God:
Gold:   8          SH:  0    Dex: 13    Spells: 3/4 levels left

rFire    . . .     SeeInvis .   c - +0 club
rCold    . . .     Faith    .   (no shield)
rNeg     . . .     Spirit   .   a - +0 robe
rPois    .         Reflect  .   (no helmet)
rElec    .         Harm     .   (no cloak)
rCorr    .         Rampage  .   (no gloves)
Will     .....                  b - +0 pair of boots
Stlth    ++........             (no amulet)
HPRegen  0.04/turn              (no ring)
MPRegen  0.08/turn              (no ring)

@: no status effects
A: no striking features
a: no special abilities


You were on level 1 of the Dungeon.
You visited 1 branch of the dungeon, and saw 1 of its levels.

You collected 8 gold pieces.

Inventory:

Hand Weapons
 c - a +0 club (weapon)
Armour
 a - a +0 robe (worn)
 b - a +0 pair of boots (worn)


   Skills:
 + Level 2.1 Dodging
 + Level 2.0 Stealth
 + Level 2.0 Spellcasting
 + Level 4.1 Necromancy


You had 3 spell levels left.
You knew the following spells:

 Your Spells              Type           Power      Damage    Failure   Level
a - Pain                  Necr           52%        1d6       4%          1

Your spell library contained the following spells:

 Spells                   Type           Power      Damage    Failure   Level
 Animate Skeleton         Necr           26%        N/A       4%          1
 Vampiric Draining        Necr           6%         2d6       12%         3
 Animate Dead             Necr           6%         N/A       38%         4
 Agony                    Necr           13%        N/A       75%         5


Dungeon Overview and Level Annotations

Branches:
Dungeon (1/15)

Altars:


Message History

The hobgoblin hits you.
The hobgoblin hits you but does no damage.
You closely miss the hobgoblin.
The hobgoblin is almost dead.
The hobgoblin barely misses you.
You barely miss the hobgoblin.
The hobgoblin is severely wounded.
The hobgoblin barely misses you.
You closely miss the hobgoblin.
The hobgoblin is severely wounded.
The hobgoblin hits you but does no damage.
You closely miss the hobgoblin.
The hobgoblin is severely wounded.
The hobgoblin hits you. The hobgoblin barely misses you.
You hit the hobgoblin.
The hobgoblin is almost dead.
The hobgoblin closely misses you.
You barely miss the hobgoblin.
The hobgoblin is almost dead.
The hobgoblin hits you.
* * * LOW HITPOINT WARNING * * *
You hit the hobgoblin.
You kill the hobgoblin!
d - a scroll labelled DUTYTHR XAZESUAZIRR
There are no items here.
There are no items here.
As you read the scroll labelled DUTYTHR XAZESUAZIRR, it crumbles to dust.
It is a scroll of identify.
You don't have any unidentified items.
Found a stone staircase leading down.
A goblin comes into view. It is wielding a +0 club.
The goblin shouts!
You hear a shout!
You now have 8 gold pieces.
A hobgoblin comes into view.
The hobgoblin shouts!
A bat comes into view.
The goblin hits you with a +0 club.
* * * LOW HITPOINT WARNING * * *
The goblin hits you with a +0 club.
You die...

......b.....###
.......g......#####
..>...?...#.......#
.....#... #.......#.
........###..^......
♣......##.......#
♣♣♣....g#.......#
♣♣♣...g.......#
♣♣♣..@.###.##
♣♣♣♣...#..# ...♣♣♣♣
♣.♣....# ♣....♣♣♣♣
♣.♣.....## ♣♣...♣♣
♣.♣♣♣....###
♣♣.♣♣♣.♣♣♣♣.
♣♣.....# ♣♣♣.♣♣
♣♣†..♣♣♣ ♣♣.....###
♣♣♣..♣♣
♣♣♣...♣♣≈♣♣♣.....##
♣..♣♣♣
♣♣♣..≈≈≈♣♣♣♣♣♣..##


You could see a hobgoblin and a goblin.

Vanquished Creatures
  An endoplasm (D:1)
  A goblin (D:1)
  A hobgoblin (D:1)
3 creatures vanquished.

Notes
Turn   | Place    | Note
-------+----------+-------------------------------------------
     0 | D:1      | Fluidstar381 the Human Necromancer began the quest for the
                  | Orb.
     0 | D:1      | Reached XP level 1. HP: 13/13 MP: 3/3
   139 | D:1      | Slain by a goblin

Illustrated notes

Levels and vault maps discovered:
D:1:      kilobyte_arrival_exit_the_forest, layout_rooms,
          hellmonk_ecumenical_altar_crossroads, serial_shops,
          nicolae_shop_stone, shop, nicolae_shop_crystal

Action                   || total
-------------------------++-------
Melee: Club              ||    18
 Cast: Pain              ||     1
  Use: Scroll            ||     1
Armor: Robe              ||     3
Dodge: Dodged            ||    14
